← All builds
Air / Cortex / Economy first / OBSERVED BUILD

Standard air

Cortex Air build order · Supreme Isthmus

Economy-first air build: Aircraft Plant then Advanced Metal Extractor and Fusion Reactor, making transports and scouts for allies while transitioning into fighters and occasional bombers over the whole game.

Usually transports first (78%)

#eco #air #team support · 1508 distinct matches · 252 players · 81% of Cortex Air games · team won 46% of 1813 · Recently observed

HOW TO PLAY IT

Key timing: Aircraft Plant by 1:24

  1. Open 3 mex and wind, then drop Aircraft Plant early.
  2. Finish Aircraft Plant and start fighters for scouting and defense.
  3. Eat the Aircraft Plant once production needs outgrow it.
  4. Get Advanced Metal Extractor up to scale eco.
  5. Bring Fusion Reactor online and keep feeding transports, scouts, fighters to allies.

Phase by phase

TYPICAL OF ITS 1508 GAMES
  1. 1
  2. 2
  3. 3
PLAY THE OPENING

Follow the example game's first 6:00 step by step: what to build now, what comes next, and where it goes. At 1× it keeps pace with your own game.

  1. 1

    Up to the Aircraft Plant

    Economy
    • Metal Extractor3Mex
    • Wind Turbine4Wind
    Order
    1. Aircraft PlantAircraft Plant after 3 mex, 4 winddone ~1:26, middle half 1:14–1:35

    Some games also: energy storage (38%)

    By 1:07 in all: 3 mex · 4 wind

    The example game in this phase · 3 steps
    1. Mex ×3
    2. Wind ×3
    3. Aircraft PlantAircraft Plantdone 1:07 · typical 1:26
  2. 2

    Aircraft Plant to 5:00

    Economy
    • Metal Extractor1Mex
    • Wind Turbine9Wind
    • Wind Turbine3Wind
    Builders
    • Construction Turret2 Con turret
    • Construction Aircraft1 Con aircraft
    Army
    • Valiant5 Valiant
    • Hercules2 Light transport for allies
    • Finch2 Finch for allies
    • Finch1 Finch
    • Hephaestus1 Heavy transport for allies

    Some games also: shuriken (49%) · energy storage (45%) · converter (44%) · light transport (40%)

    By 5:00 in all: 3 mex · 1 mex · 13 wind · 3 wind · 1 energy storage · 2 con turret

    The example game in this phase · 25 steps
    1. Wind
    2. FinchFinchfor Air
    3. Wind ×2
    4. FinchFinchfor Beach sea
    5. Wind ×3
    6. HerculesLight transportfor Beach sea
    7. Wind ×4
    8. HephaestusHeavy transportfor Beach sea
    9. Wind ×5
    10. ValiantValiantfor Beach sea
    11. Wind
    12. Energy storage
    13. ShurikenShuriken ×3
    14. ValiantValiant ×2for Beach sea
    15. Mex
    16. HerculesLight transportfor Tech
    17. Converter
    18. HerculesLight transport
    19. Converter ×3
    20. ValiantValiant
    21. Converter
    22. Con turret
    23. Converter
    24. ValiantValiant
    25. Converter
  3. 3

    5:00 to 10:00

    Economy
    • Wind Turbine21Wind
    • Wind Turbine5Wind
    • Energy Converter6Converter
    Order
    1. Aircraft PlantEat Aircraft Plant
    2. Aircraft PlantAircraft Plant after 19 wind, 18 wind, 7 converterin 58% of games
    Builders
    • Construction Turret3 Con turret
    Army
    • Valiant9 Valiant

    Some games also: shuriken (47%) · fusion (38%) · con aircraft (35%) · light transport (31%)

    By 10:00 in all: 3 mex · 1 mex · 25 wind · 20 wind · 8 converter · 1 energy storage

    The example game in this phase · 121 steps
    1. ValiantValiant
    2. Con turret
    3. ValiantValiant
    4. HephaestusHeavy transportfor Tech
    5. ValiantValiant
    6. HerculesLight transport
    7. Con turret
    8. ValiantValiant
    9. Con turret
    10. ValiantValiant
    11. Wind
    12. Converter ×2
    13. Wind
    14. Converter
    15. Wind
    16. Converter
    17. Wind
    18. ValiantValiant
    19. Converter
    20. ValiantValiant ×2
    21. Wind
    22. ValiantValiant
    23. Wind
    24. ValiantValiant
    25. ShurikenShuriken
    26. Wind
    27. ShurikenShuriken ×2
    28. Wind ×2
    29. ShurikenShuriken
    30. Wind
    31. ShurikenShuriken
    32. Wind
    33. ValiantValiant
    34. Wind
    35. ValiantValiant
    36. Wind
    37. ValiantValiant
    38. Converter
    39. Wind
    40. ValiantValiant ×2
    41. Converter
    42. ValiantValiant
    43. Converter
    44. ValiantValiant
    45. Wind
    46. Converter
    47. ValiantValiant
    48. Converter
    49. ValiantValiant
    50. Converter
    51. ValiantValiant
    52. Wind
    53. Advanced Metal ExtractorT2 mexdone 9:13 · typical 6:54
    54. ValiantValiant
    55. Wind
    56. Construction AircraftCon aircraft
    57. Wind
    58. Advanced Metal ExtractorT2 mex
    59. Wind ×2
    60. ValiantValiant
    61. Wind
    62. ValiantValiant
    63. Advanced Metal ExtractorT2 mex
    64. Wind
    65. ValiantValiant ×2
    66. Converter
    67. ValiantValiant
    68. Wind
    69. Solar
    70. FinchFinch
    71. Solar ×2
    72. Wind
    73. FinchFinch ×2
    74. Wind
    75. FinchFinch ×2
    76. ValiantValiant
    77. Wind
    78. ValiantValiant
    79. Fusion ReactorFusiondone 12:32 · typical 10:52
    80. ValiantValiant
    81. Wind
    82. Con turret
    83. ValiantValiant ×2
    84. Converter
    85. ValiantValiant ×3
    86. Converter
    87. ValiantValiant ×2
    88. Converter
    89. ValiantValiant ×2
    90. Converter
    91. ValiantValiant ×3
    92. Converter
    93. ValiantValiant ×2
    94. Con turret
    95. ValiantValiant
    96. Con turret
    97. Converter
    98. Con turret
    99. ValiantValiant ×2
    100. Converter
    101. ValiantValiant ×5
    102. Converter
    103. ValiantValiant ×2
    104. Con turret
    105. ValiantValiant
    106. Con turret
    107. Converter
    108. ValiantValiant
    109. WhirlwindWhirlwind ×3
    110. Converter
    111. WhirlwindWhirlwind ×4
    112. Converter
    113. WhirlwindWhirlwind
    114. Converter
    115. WhirlwindWhirlwind ×2
    116. Converter
    117. WhirlwindWhirlwind ×3
    118. Converter
    119. WhirlwindWhirlwind ×3
    120. Converter
    121. WhirlwindWhirlwind ×3

Counts are medians over the build's games: half of them build more, half fewer. The example game is Vacation's (31 OS, 22/08/2026); pick another.

Team trades

IN AT LEAST 30% OF ITS GAMES

You hand over

  • Finch2 Finch to Geo sea or Beach seafirst at 1:50 · in 96% of games
  • Hercules3 Light transport to Tech or Geo sea or Beach seafirst at 2:06 · in 99% of games
  • Hephaestus1 Heavy transport to Beach sea or Pond or Techfirst at 2:23 · in 71% of games

You get

  • Wind Turbine3 Wind from Beach sea or Geo seafirst at 1:37 · in 64% of games
  • Wind Turbine3 Wind from Beach sea or Geo sea or Pondfirst at 1:42 · in 46% of games
  • Construction Bot1 Con bot from Techfirst at 2:22 · in 88% of games
  • Advanced Construction Bot1 T2 con bot from Techfirst at 6:05 · in 96% of games

How it plays out

Typical game of this build, running totals by minute

Metal produced

010k20k30k
0:005:0010:0015:00

metal

Enemy metal destroyed

01k2k
0:005:0010:0015:00

metal

Own metal lost

01k2k3k
0:005:0010:0015:00

metal

1813 games.

Show as table
ByMetal produced: This buildEnemy metal destroyed: This buildOwn metal lost: This build
1:0039200
2:0092300
3:00145600
4:002052051
5:0027635173
6:003711102124
7:005089146167
8:006903190219
9:009285230270
10:0011761292379
11:0014370369533
12:0017069512781
13:00198597811101
14:002270412631689
15:002573618082409
WHAT THE NUMBERS SAY

Standard air play wins less than half its games, with very low combat losses and kills since the role mostly supports rather than fights.

  • + Own metal lost stays very low, only 2701 by 15:00.
  • + Metal production reaches 25740 by 15:00, a strong support economy.
  • − Team wins under half of games (47%).
  • − Enemy metal destroyed stays low at 2097 by 15:00, showing little direct impact.
THE EXAMPLE YOU ARE READING

Vacation

31.4 OS · 22/08/2026

Open source match ↗

8 received units · includes a constructor
145 metal received · 78697 energy received

Allied construction assistance is unknown. Timings are observations, not a promise of solo reproducibility.

Typical milestones

Aircraft Plant1:26Middle 50%: 1:14–1:35 · n=1813
Advanced Metal Extractor6:54Middle 50%: 6:27–7:26 · n=1753
Fusion Reactor10:52Middle 50%: 9:46–12:17 · n=1160

Played most by

TheGeneraI114games of this buildDad_The_Speedrunner72games of this buildHunfore62games of this buildDRM52games of this buildMilkdragon52games of this build